 Dungeon Crawl Stone Soup version 0.27-a0-1181-g5f64966fcc (webtiles) character file.

Game seed: 13563805805794647312

1337 tilp the Caller (level 8, -2/60 HPs)
             Began as a Barachi Summoner on May 17, 2021.
             Was a Follower of Ru.
             Slain by Pikel
             ... wielding a +2 whip of flaming
              (11 damage)
             ... on level 7 of the Dungeon.
             The game lasted 00:18:03 (8564 turns).

tilp the Caller (Barachi Summoner)                  Turns: 8564, Time: 00:18:03

Health: -2/60      AC:  6    Str: 11    XL:     8   Next: 61%
Magic:  5/14       EV: 16    Int: 16    God:    Ru [*.....]
Gold:   224        SH:  0    Dex: 13    Spells: 9/15 levels left

rFire    . . .     SeeInvis .   a - +3 spear (freeze)
rCold    . . .     Faith    .   (no shield)
rNeg     . . .     Spirit   .   k - +1 ring mail
rPois    .         Reflect  .   (no helmet)
rElec    .         Harm     .   (no cloak)
rCorr    .         Rampage  .   (no gloves)
Will     .....                  (no boots)
Stlth    ++........             n - amulet of regeneration
HPRegen  1.20/turn              f - ring of wizardry
MPRegen  0.14/turn              j - +4 ring of evasion

@: slow
A: amphibious, slowness 1, no conjurations magic, no ice magic, no
transmutations magic, strong legs 1, +LOS
a: Hop, Renounce Religion


You were on level 7 of the Dungeon.
You worshipped Ru.
Ru was aware of your devotion.
You visited 2 branches of the dungeon, and saw 8 of its levels.
You also visited: Sewer.

You collected 273 gold pieces.
You spent 49 gold pieces at shops.

Inventory:

Hand Weapons
 a - a +3 spear of freezing (weapon)
 b - a +1 short sword of holy wrath
 A - a +1 dagger of venom
Missiles
 d - 37 poisoned darts (quivered)
 e - a curare-tipped dart {!f}
 i - 7 boomerangs
Armour
 k - a +1 ring mail (worn)
 l - a +3 scale mail
 o - a +0 buckler
 r - a +2 tower shield
Jewellery
 f - a ring of wizardry (left hand)
 j - a +4 ring of evasion (right hand)
 m - an amulet of guardian spirit
 n - an amulet of regeneration (around neck)
 u - a ring of wizardry
Wands
 w - a wand of digging (6)
 y - a wand of paralysis (9)
 B - a wand of flame (18)
Scrolls
 c - 6 scrolls of teleportation
 g - 2 scrolls of amnesia
 q - 3 scrolls of fog
 s - 2 scrolls of immolation
 z - a scroll of magic mapping
 D - a scroll of identify
 E - a scroll of enchant armour
Potions
 h - 6 potions of heal wounds {unknown}
 p - 7 potions of brilliance {unknown}
 t - a potion of curing
 v - a potion of haste {unknown}
 x - 2 potions of degeneration {unknown}
 C - 2 potions of cancellation {unknown}
 F - a potion of might {unknown}


   Skills:
 - Level 4.0 Fighting
 - Level 4.0 Polearms
 - Level 5.0 Dodging
 - Level 4.0 Stealth
 - Level 4.0 Shields
 - Level 4.0 Spellcasting
 - Level 6.0 Summonings
 + Level 2.7 Evocations


You had 9 spell levels left.
You knew the following spells:

 Your Spells              Type           Power      Damage    Failure   Level
a - Summon Small Mammal   Summ           88%        N/A       1%          1
b - Call Imp              Summ           22%        N/A       2%          2
c - Call Canine Familiar  Summ           22%        N/A       4%          3

Your spell library contained the following spells:

 Spells                   Type           Power      Damage    Failure   Level
 Summon Guardian Golem    Hex/Summ       12%        N/A       14%         3
 Summon Lightning Spire   Summ/Air       12%        N/A       41%         4
 Summon Ice Beast         Ice/Summ       Unusable   N/A       N/A         4

Dungeon Overview and Level Annotations

Branches:
Dungeon (7/15)             Temple (1/1) D:6           Sewer (visited)

Altars:
Ashenzari
Cheibriados
Dithmenos
Elyvilon
Fedhas
Gozag
Hepliaklqana
Kikubaaqudgha
Makhleb
Nemelex Xobeh
Okawaru
Qazlal
Ru
Sif Muna
Trog
Uskayaw
Vehumet
Wu Jian
Xom
Yredelemnul
Zin
The Shining One

Shops:
D:3 *

Annotations:
D:7 Menkaure, Pikel


Innate Abilities, Weirdness & Mutations

You are amphibious.
You cover ground slowly.
You cannot study or cast Conjurations magic.
You cannot study or cast Ice magic.
You cannot study or cast Transmutations magic.
You can hop short distances.
You have an extended range of vision and can be seen from far away.


Message History

You completely miss Pikel.
Pikel is moderately wounded.
Your hound bites the lemure.
The lemure hits you.
* * * LOW HITPOINT WARNING * * *
Your hound closely misses the lemure.
Your iron imp closely misses the lemure.
Pikel barely misses you.
You closely miss Pikel.
Pikel is moderately wounded.
The lemure closely misses you.
Your hound bites the lemure.
Unknown command.
You hit Pikel. You freeze Pikel.
Pikel is heavily wounded.
Your hound bites the lemure.
Pikel closely misses you.
Your iron imp hits the lemure!
The lemure dies!
Unknown command.
You hit Pikel but do no damage.
Pikel is heavily wounded.
Pikel closely misses you.
Your hound closely misses Pikel.
Unknown command.
You barely miss Pikel.
Pikel is heavily wounded.
Your hound barely misses Pikel.
Pikel hits you with a +2 whip of flaming!
* * * LOW HITPOINT WARNING * * *
Pikel burns you.
* * * LOW HITPOINT WARNING * * *
You closely miss Pikel.
Pikel is heavily wounded.
Your hound barely misses Pikel.
Pikel hits you with a +2 whip of flaming.
* * * LOW HITPOINT WARNING * * *
Pikel burns you.
* * * LOW HITPOINT WARNING * * *
You closely miss Pikel.
Pikel is heavily wounded.
Your hound bites Pikel.
Pikel hits you with a +2 whip of flaming!
You die...

...#>.....#.........(.......#
####......##..####.##..##...#
#.....######..# #.######...#
#######################.....#
............................#
..#..#..#..#..#..#..#.......#
.^..........................#
..#..#..#.)#..#.h#5.#.......#
................@K..........#
#######################.....#
#+####...# #...##...#
#....5...# #........#
#...K....# #........#
#........#


You could see Pikel (ally target), a friendly hound (summoned) and a friendly
iron imp (summoned).

Vanquished Creatures
  A komodo dragon (D:7)
  Prince Ribbit (D:6)
  Sigmund (D:6)
  2 phantoms (D:6)
  A centaur (D:5)
  A kobold brigand (Sewer)
  2 lemures
  An orc priest (D:3)
  4 iguanas
  2 orc wizards
  4 adders
  2 river rats (D:6)
  4 dart slugs
  4 orcs
  7 ball pythons
  6 endoplasms
  3 giant cockroaches
  6 goblins
  9 hobgoblins
  2 jackals (D:3)
  A quokka (D:5)
  7 bats
  7 frilled lizards
  12 kobolds
  6 rats
96 creatures vanquished.

Vanquished Creatures (collateral kills)
  An ogre (D:3)
  2 lemures (D:7)
  A kobold brigand (Sewer)
  A water moccasin skeleton (D:5)
  A bullfrog zombie (D:5)
  3 iguanas
  An orc wizard (D:4)
  3 gnolls (D:6)
  4 adders
  2 ufetubi
  A dart slug (D:2)
  7 orcs
  2 bats
  2 endoplasms
  A giant cockroach (D:1)
  3 goblins (D:1)
  A hobgoblin (D:1)
  5 jackals
  6 kobolds
  2 quokkas
  A ball python (D:1)
  2 frilled lizards
  2 rats
54 creatures vanquished.

Vanquished Creatures (others)
  7 plants
7 creatures vanquished.

Grand Total: 157 creatures vanquished

Notes
Turn   | Place    | Note
-------+----------+-------------------------------------------
     0 | D:1      | tilp the Barachi Summoner began the quest for the Orb.
     0 | D:1      | Reached XP level 1. HP: 13/13 MP: 3/3
   430 | D:1      | Found a faded altar of an unknown god.
   451 | D:1      | Reached skill level 1 in Fighting
   559 | D:1      | Reached XP level 2. HP: 19/21 MP: 5/5
  1824 | D:1      | Reached XP level 3. HP: 19/27 MP: 6/6
  2227 | D:1      | Learned a level 2 spell: Call Imp
  2231 | D:1      | Learned a level 3 spell: Call Canine Familiar
  3146 | D:2      | Reached XP level 4. HP: 25/34 MP: 7/7
  4043 | D:3      | You fall into a shaft and drop 3 floors!
  4145 | D:6      | Reached XP level 5. HP: 42/42 MP: 8/8
  4264 | D:6      | Noticed a phantom
  4265 | D:6      | Noticed Prince Ribbit
  4307 | D:6      | Killed a phantom
  4308 | D:6      | Reached skill level 5 in Dodging
  4387 | D:6      | Found a staircase to the Ecumenical Temple.
  4412 | D:6      | Reached skill level 5 in Summonings
  4414 | D:6      | Noticed Sigmund
  4426 | D:6      | Killed Sigmund
  4427 | D:6      | Reached skill level 6 in Summonings
  4427 | D:6      | Reached XP level 6. HP: 44/48 MP: 5/9
  4445 | D:6      | Found a glowing drain.
  4468 | Sewer    | Entered a sewer
  4811 | Sewer    | Reached XP level 7. HP: 26/54 MP: 5/11
  5037 | Temple   | Entered the Ecumenical Temple
  5360 | Temple   | Became a worshipper of Ru the Awakened
  5572 | D:6      | Found a blossoming altar of Fedhas.
  5572 | D:6      | Found a glowing golden altar of the Shining One.
  5589 | D:5      | Entered Level 5 of the Dungeon
  5896 | D:3      | You fall into a shaft and drop 3 floors!
  6230 | D:3      | Found Dalloten's General Store.
  6236 | D:3      | Bought a scroll of magic mapping for 49 gold pieces
  6281 | D:3      | Found a stormy altar of Qazlal.
  6362 | D:3      | Gained mutation: You cannot study or cast Ice magic. [Ru
                  | sacrifice]
  6362 | D:3      | Gained mutation: You cannot study or cast Transmutations
                  | magic. [Ru sacrifice]
  6362 | D:3      | Gained mutation: You cannot study or cast Conjurations
                  | magic. [Ru sacrifice]
  6362 | D:3      | Reached * piety under Ru
  6779 | D:4      | Reached skill level 1 in Shields
  7108 | D:5      | Identified the +1 plate armour "Ecwe" {rElec rN+ Slay+2}
  7215 | D:5      | Found a basalt altar of Yredelemnul.
  7787 | D:6      | Killed Prince Ribbit
  7788 | D:6      | Reached skill level 1 in Polearms
  7788 | D:6      | Reached XP level 8. HP: 24/60 MP: 10/14
  8067 | D:7      | Noticed Menkaure
  8093 | D:7      | Noticed a komodo dragon
  8115 | D:7      | Killed a komodo dragon
  8116 | D:7      | Reached skill level 1 in Evocations
  8295 | D:7      | Noticed Pikel
  8564 | D:7      | Slain by Pikel

Illustrated notes

Levels and vault maps discovered:
D:1:      scummos_arrival_star, layout_loops_corners,
          ebering_ecumenical_altar_box
D:2:      layout_rooms
D:3:      layout_loops_cross, nicolae_qazlal_eye_of_the_storm, serial_shops,
          shop
D:4:      layout_cave_pools
D:5:      layout_loops_cross, general_overflow_altar
D:6:      layout_loops_corners, gammafunk_temple_overflow_elements,
          minmay_temple_entry_statues_pillars, portal_sewer_entry_a,
          uniq_prince_ribbit1, uniq_sigmund
D:7:      layout_gridville, columned_hall_lemuel, hangedman_feature_mirror,
          minmay_lizard_king, uniq_duvessa, uniq_menkaure, uniq_pikel
Temple:   dpeg_five_rooms_temple

Skill      XL: |  1  2  3  4  5  6  7  8 |
---------------+-------------------------+-----
Fighting       | 1 2 3 4 |  4.0
Dodging        | 3 4 5 |  5.0
Summonings     | 6 |  6.0
Stealth        | 2 4 |  4.0
Spellcasting   | 3 4 |  4.0
Shields        | 4 |  4.0
Polearms       | 1 4 |  4.0
Evocations     | 2 |  2.7

Action                   |  1- 3 |  4- 6 |  7- 9 || total
-------------------------+-------+-------+-------++-------
Melee: Dagger            |   107 |       |       ||   107
       Short sword       |    22 |    26 |       ||    48
       Spear             |       |   101 |   219 ||   320
Throw: Dart              |     4 |     3 |     4 ||    11
 Cast: Summon Small Mamm |    22 |       |       ||    22
       Call Canine Famil |     5 |    17 |    16 ||    38
       Call Imp          |     1 |     7 |     3 ||    11
Invok: Sacrifice Arcana  |       |       |     1 ||     1
Evoke: Wand              |       |       |     1 ||     1
  Use: Scroll            |     3 |     5 |     4 ||    12
 Stab: Distracted        |     1 |     1 |     1 ||     3
       Sleeping          |       |       |     5 ||     5
       Paralysed         |       |       |     6 ||     6
Armor: Robe              |    33 |     3 |       ||    36
       Ring mail         |       |    20 |    34 ||    54
Dodge: Dodged            |   108 |    91 |   141 ||   340

Table legend: (Time is in decaauts)
 A = Elapsed time spent in this place.
 B = Non-inter-level travel time spent in this place.
 C = Inter-level travel time spent in this place.
 D = Time resting spent in this place.
 E = Time spent auto-exploring this place.
 F = Levels seen in this place.
 G = Mean time per level.
                   A        B        C        D        E       F      G
               +--------+--------+--------+--------+--------+-----+--------+
         Total |   9630 |   9038 |    592 |   1353 |   5708 |   9 | 1070.0 |
       Dungeon |   8615 |   8129 |    486 |   1219 |   5190 |   7 | 1230.7 |
        Temple |    423 |    318 |    105 |      0 |    309 |   1 |  423.0 |
         Sewer |    591 |    591 |      0 |    134 |    208 |   1 |  591.0 |
               +--------+--------+--------+--------+--------+-----+--------+

Top non-repeatable levels by time:
     D:1: 2799 daAuts
     D:6: 1372 daAuts
     D:2: 1361 daAuts
     D:5: 924 daAuts
     D:3: 833 daAuts
     D:4: 734 daAuts
   Sewer: 591 daAuts
     D:7: 589 daAuts
  Temple: 423 daAuts
